 Dungeon Crawl Stone Soup version 0.26-a0-708-g17f3b190f9 (console) character file.

Game seed: 3390340172995957503

125719 Ignak the Warrior (level 16, -3/181 HPs)
             Began as an Ogre Hedge Wizard on Oct 28, 2020.
             Was the Champion of Okawaru.
             Killed from afar by a thorn hunter (38 damage)
             ... with a volley of thorns
             ... on level 1 of the Swamp on Oct 29, 2020.
             The game lasted 02:19:26 (41477 turns).

Ignak the Warrior (Ogre Hedge Wizard)              Turns: 41477, Time: 02:19:26

Health: -3/181     AC: 12    Str: 20    XL:     16   Next: 96%
Magic:  31/35      EV: 17    Int: 24    God:    Okawaru [******]
Gold:   552        SH: 25    Dex: 21    Spells: 18/45 levels left

rFire    + . .     SeeInvis .   J - +8 whip {freeze, Str-2 Dex+7}
rCold    . . .     Faith    .   S - +7 tower shield "Jere Neth" {MR+ Int+4 Stlth+}
rNeg     . . .     Spirit   .   I - +3 troll leather armour
rPois    +         Reflect  .   (helmet currently unavailable)
rElec    .         Harm     .   P - +2 cloak {rPois}
rCorr    .         Rampage  .   (gloves unavailable)
MR       +++..     Clarity  +   (boots unavailable)
Stlth    +++.......             y - amulet of regeneration
HPRegen  1.20/turn              s - ring "Rucrofuq" {MR+ Int+4 Dex+6}
MPRegen  0.24/turn              A - ring of Benevolence {rF+ EV+4 Slay+3}

@: about to teleport, appendages, wereblooded, studying Necromancy
A: large, unfitting armour, hooves 1, horns 2, rugged brown scales 1, clarity,
tough skin 1
a: End Transformation, Heroism, Finesse, Renounce Religion


You were on level 1 of the Swamp.
You worshipped Okawaru.
Okawaru was exalted by your worship.
You had grown temporary horns.
You visited 5 branches of the dungeon, and saw 26 of its levels.
You also visited: Ossuary, Gauntlet and Ice Cave.

You collected 6167 gold pieces.
You spent 5615 gold pieces at shops.

Inventory:

Hand Weapons
 J - the +8 whip of Hoaxumot (weapon) {freeze, Str-2 Dex+7}
   (You bought it in a shop on level 4 of the Dungeon)

   It has been specially enchanted to freeze those struck by it, causing extra
   injury to most foes and up to half again as much damage against particularly
   susceptible opponents.
   It can also slow down cold-blooded creatures.
   It affects your strength (-2).
   It affects your dexterity (+7).
 U - a +1 morningstar of draining
Missiles
 l - 16 silver javelins (quivered)
 O - 68 poisoned darts
Armour
 c - a +1 hat (melded)
 u - +0 steam dragon scales
 I - a +3 troll leather armour (worn)
 K - a +2 robe of resistance
 L - a scarf of invisibility
 P - a +2 cloak of poison resistance (worn)
 R - a +2 robe of magic resistance
 S - the +7 tower shield "Jere Neth" (worn) {MR+ Int+4 Stlth+}
   (Okawaru gifted it to you in an ice cave)

   It affects your intelligence (+4).
   It affects your resistance to hostile enchantments.
   It makes you more stealthy.
Jewellery
 s - the ring "Rucrofuq" (left hand) {MR+ Int+4 Dex+6}
   (You bought it in a shop on level 13 of the Dungeon)

   [ring of dexterity]

   It affects your intelligence (+4).
   It affects your dexterity (+6).
   It affects your resistance to hostile enchantments.
 w - an uncursed ring of see invisible
 y - an amulet of regeneration (around neck)
 A - the ring of Benevolence (right hand) {rF+ EV+4 Slay+3}
   (You bought it in a shop on level 13 of the Dungeon)

   [ring of evasion]

   It affects your evasion (+4).
   It affects your accuracy and damage with ranged weapons and melee attacks
   (+3).
   It protects you from fire.
 B - the ring "Caukaseq" {Ice Int+3}
   (You bought it in a shop on level 4 of the Dungeon)

   [ring of ice]

   It enhances your ice magic.
   It affects your intelligence (+3).
   It makes you vulnerable to fire.
   It protects you from cold.
 G - an uncursed ring of protection from fire
 T - an uncursed ring of fire
Wands
 b - a wand of acid (9)
 m - a wand of iceblast (19)
 p - a wand of random effects (118)
 D - a wand of paralysis (7)
 F - a wand of flame (91)
 M - a wand of digging (11)
Scrolls
 i - 4 scrolls of blinking
 j - 3 scrolls of summoning
 k - 4 scrolls of magic mapping
 q - 20 scrolls of remove curse
 r - a scroll of fog
 C - 10 scrolls of teleportation
 E - 3 scrolls of holy word
 N - 5 scrolls of identify
 V - a scroll of enchant weapon
 X - 2 scrolls of amnesia
 Y - 4 scrolls of fear
Potions
 a - 7 potions of brilliance
 d - 7 potions of flight
 e - 3 potions of stabbing
 f - 2 potions of mutation
 g - a potion of resistance
 h - 2 potions of invisibility
 n - 3 potions of cancellation
 o - 11 potions of curing
 t - 3 potions of lignification
 v - a potion of berserk rage
 x - a potion of magic
 z - 2 potions of haste
 Q - a potion of ambrosia
Books
 W - a manual of Necromancy
Miscellaneous
 H - a phial of floods


   Skills:
 + Level 15.5 Fighting
 + Level 11.5 Maces & Flails
 - Level 4.0 Armour
 - Level 7.0 Dodging
 - Level 1.4 Stealth
 * Level 10.7 Shields
 - Level 1.0 Unarmed Combat
 + Level 15.3 Spellcasting
 - Level 6.6 Conjurations
 + Level 3.3 Summonings
 + Level 3.4 Necromancy
 - Level 1.2 Translocations
 * Level 8.6 Transmutations
 - Level 4.0 Air Magic
 + Level 5.8 Earth Magic
 + Level 5.9 Invocations
 - Level 4.0 Evocations


You had 18 spell levels left.
You knew the following spells:

 Your Spells              Type           Power        Failure   Level
a - Beastly Appendage     Tmut           ######       1%          1
b - Blink                 Tloc           N/A          9%          2
c - Vampiric Draining     Necr           #####.....   7%          3
d - Mephitic Cloud        Conj/Pois/Air  #####...     6%          3
e - Summon Lightning Spi  Summ/Air       #####...     21%         4
f - Airstrike             Air            #####.....   17%         4
g - Statue Form           Tmut/Erth      ######...    58%         6
h - Swiftness             Air            #####...     2%          2
z - Wereblood             Tmut           ######..     1%          2

Your spell library contained the following spells:

 Spells                   Type           Power        Failure   Level
 Magic Dart               Conj           ####         1%          1
 Shock                    Conj/Air       ####         1%          1
 Animate Skeleton         Necr           #####.       2%          1
 Foxfire                  Conj/Fire      ####         2%          1
 Pain                     Necr           ####         2%          1
 Summon Small Mammal      Summ           ####         2%          1
 Call Imp                 Summ           ####....     3%          2
 Static Discharge         Conj/Air       #####...     3%          3
 Spider Form              Tmut/Pois      #####.....   4%          3
 Apportation              Tloc           ###...       5%          1
 Call Canine Familiar     Summ           ####....     7%          3
 Conjure Flame            Conj/Fire      ####....     7%          3
 Blade Hands              Tmut           ######....   8%          5
 Corona                   Hex            ###....      9%          1
 Irradiate                Conj/Tmut      ######....   11%         5
 Slow                     Hex            ###.....     14%         2
 Summon Guardian Golem    Hex/Summ       ####....     14%         3
 Gell's Gravitas          Tloc           ###.......   16%         3
 Ice Form                 Ice/Tmut       #####...     16%         4
 Portal Projectile        Hex/Tloc       ###...       22%         3
 Animate Dead             Necr           #####.....   22%         4
 Inner Flame              Hex/Fire       ###.....     26%         3
 Leda's Liquefaction      Hex/Erth       ####......   26%         4
 Lightning Bolt           Conj/Air       #####.....   28%         5
 Hydra Form               Tmut           ######....   38%         6
 Summon Ice Beast         Ice/Summ       ####....     41%         4
 Agony                    Necr           #####...     52%         5
 Cause Fear               Hex            ###.......   65%         4
 Dragon Form              Tmut           ######....   92%         7
 Metabolic Englaciation   Hex/Ice        ###.......   94%         5
 Freezing Cloud           Conj/Ice/Air   #####.....   97%         6
 Dispersal                Tloc           ###.......   100%        6
 Ozocubu's Refrigeration  Ice            ###.......   100%        6
 Simulacrum               Ice/Necr       ####......   100%        6
 Chain Lightning          Conj/Air       #####.....   100%        8
 Disjunction              Tloc           ###.......   100%        8
 Lehudib's Crystal Spear  Conj/Erth      #####.....   100%        8
 Absolute Zero            Ice            ###.......   100%        9
 Dragon's Call            Summ           ####......   100%        9
 Fire Storm               Conj/Fire      ####......   100%        9


Dungeon Overview and Level Annotations

Branches:
Dungeon (15/15)            Temple (1/1) D:7            Lair (6/6) D:8
  Swamp (2/4) Lair:3        Snake (0/4) Lair:3        Slime (0/5) Lair:6
    Orc (2/2) D:11            Elf (0/3) Orc:2        Vaults (0/5) D:14
 Depths (0/5) D:15        Ossuary (visited)           IceCv (visited)
Gauntlet (visited)

Altars:
Ashenzari
Dithmenos
Elyvilon
Fedhas
Gozag
Hepliaklqana
Kikubaaqudgha
Makhleb
Nemelex Xobeh
Okawaru
Qazlal
Ru
Sif Muna
Uskayaw
Vehumet
Wu Jian
Xom
Yredelemnul
Beogh
Jiyva

Shops:
D:4 *   D:10 (   D:13 =   Orc:2 [([:*


Innate Abilities, Weirdness & Mutations

You are too large for most types of armour.
You have tough skin. (AC +1)
You have large cloven feet.
You have a pair of horns on your head.
You are partially covered in rugged brown scales. (AC +1, +3% HP)
You possess an exceptional clarity of mind.


Message History

Your surroundings suddenly seem different.
Splash!
You fall into the shallow water.
Moving in this stuff is going to be slow.
A swamp worm comes into view.
The swamp worm fires a harpoon shot at you.
You block the harpoon shot.
A thorn hunter comes into view.
You howl as the wereblood boils in your veins!
The thorn hunter gestures.
Thorny briars emerge from the ground!
As you read the scroll of teleportation, it crumbles to dust.
You feel strangely unstable.
You feel better.
The thorn hunter gestures.
The swamp worm fires a harpoon shot at you.
You block the harpoon shot.
The thorn hunter fires a volley of thorns at you.
The volley of thorns hits you!!!
You die... ≈..≈......♣ ≈≈≈.....≈≈.♣ .≈≈≈≈ ≈≈≈..≈.≈.≈. ≈≈≈≈.. ...≈≈≈....♣♣ ≈≈≈≈≈♣♣≈ ♣.PPwPPPPPP ≈≈≈.♣♣≈≈ ♣PPPPPPPP♣

≈≈≈.♣≈≈ ♣PP≈≈≈..≈♣
≈...≈≈≈ ♣PP..≈..♣♣ ≈...♣
♣PP≈..@≈♣ ≈...♣ ♣PP≈♣♣≈.♣
...≈♣♣♣♣ ♣≈P. ♣.≈..♣ ≈≈≈
..≈≈.♣≈♣♣..♣♣ ..≈≈≈≈...
.≈≈≈
.≈≈.♣≈..≈§..♣♣.≈≈≈≈≈≈≈≈..
.≈≈.
.≈≈.♣♣≈.≈≈≈.....≈≈≈≈f≈≈.♣
♣≈≈.
≈≈≈.♣≈..≈≈≈≈≈...≈≈≈≈≈≈≈.♣
♣...
≈..†.≈≈.≈≈≈≈..≈≈....≈....
.. ♣.
≈..≈≈≈≈..≈≈.≈≈≈≈≈..≈≈....
..≈♣♣


You could see a thorn hunter and a swamp worm.

Vanquished Creatures
  A sphinx (D:12)
  Kirke (D:14)
  Agnes (D:14)
  Gastronok (Lair:2)
  A stone giant (Orc:1)
  A minotaur (Gauntlet)
  A white draconian (IceCv)
  4 ettins
  Josephine (Lair:4)
  The ghost of Umpaqoo the Geomancer, a journeyman GrEE of the Shining One (D:12)
  The ghost of qipq the Tainter, a journeyman NaVM of Sif Muna (D:11)
  A yaktaur captain (D:15)
  A fire dragon (D:12)
  7 boulder beetles
  A catoblepas (Lair:6)
  A death knight (D:13)
  14 hydras
  A shambling mangrove (Swamp:1)
  A tengu warrior (D:15)
  Erica (D:9)
  2 death yaks
  6 two-headed ogres
  6 centaur warriors
  Urug (D:10)
  A deep elf knight (D:13)
  Sonja (Lair:3)
  A swamp dragon (shapeshifter) (D:14)
  An unseen horror (D:11)
  An orc knight (D:13)
  Pikel (D:6)
  An obsidian statue (Gauntlet)
  2 lindwurms
  A manticore (D:13)
  12 ugly things
  An orc sorcerer (Orc:2)
  5 deep elf magi
  14 cyclopes
  A moth of wrath (Gauntlet)
  3 elephants (Lair:5)
  8 black mambas
  3 gargoyles
  10 cane toads
  Maggie (Lair:2)
  7 rime drakes
  2 efreet (D:15)
  3 centaur skeletons
  18 komodo dragons
  A minotaur zombie (Gauntlet)
  A tengu conjurer (D:15)
  A freezing wraith (D:14)
  A redback zombie (D:15)
  4 trolls
  18 polar bears
  3 tyrant leeches
  A bog body (Swamp:1)
  7 hornets
  9 blink frogs
  Prince Ribbit (Lair:3)
  2 dream sheep (Lair:6)
  26 slime creatures
  4 shadows
  2 vampires
  5 redbacks
  4 wyverns
  85 yaks
  14 spriggans (Lair:6)
  3 water elementals (D:15)
  4 wraiths
  2 hogs (D:14)
  3 basilisks
  2 steam dragons
  5 vampire mosquitoes (D:15)
  3 soldier ants
  2 wargs
  7 swamp worms
  24 water moccasins
  A swamp drake (Swamp:1)
  14 orc warriors
  8 black bears
  2 ice beasts
  4 sky beasts
  11 ogres
  3 boggarts (Lair:6)
  31 wolves
  24 centaurs
  A spectral wyvern (D:11)
  18 bullfrogs
  A wyvern zombie (D:14)
  4 scorpions
  3 killer bees (D:11)
  6 wights
  2 howler monkeys
  3 electric eels (D:14)
  2 spectral bullfrogs (D:11)
  6 centaur zombies
  A bullfrog zombie (D:11)
  A gnoll shaman (D:8)
  3 jellies
  24 orc wizards
  A bullfrog skeleton (D:5)
  3 hounds
  15 orc priests
  9 worker ants
  3 iguanas
  4 hound zombies
  A hound skeleton (D:7)
  10 mummies (Ossuary)
  A worker ant zombie (D:7)
  A howler monkey zombie (D:7)
  9 gnolls
  A howler monkey skeleton (D:9)
  14 adders
  2 shadow imps
  13 white imps
  An ufetubus (D:9)
  An adder zombie (D:6)
  A worm (D:5)
  A dart slug (D:3)
  3 leopard geckos
  49 orcs
  7 bats
  8 giant cockroaches
  5 goblins
  3 hobgoblins
  5 jackals
  3 quokkas
  2 ball pythons (Lair:3)
  A frilled lizard (D:3)
  2 gnoll skeletons (Ossuary)
  2 goblin skeletons (Ossuary)
  12 kobolds
  A kobold skeleton (Ossuary)
  A leopard gecko zombie (D:7)
  2 orc skeletons (Ossuary)
  6 rats
  11 rat skeletons (Ossuary)
786 creatures vanquished.

Vanquished Creatures (collateral kills)
  A hydra (Lair:3)
  An elephant (Lair:5)
  A water moccasin (D:6)
  An orc warrior (D:8)
  A black bear (D:7)
  A phantom (D:4)
  2 ogres
  A wolf (Lair:4)
  A centaur (D:6)
  A big kobold (D:11)
  A scorpion (D:5)
  A wight (D:8)
  2 orc wizards
  2 mummies (Ossuary)
  4 adders
  2 white imps (D:12)
  A leopard gecko (D:7)
  8 orcs
  A bat (D:3)
  2 goblins
  A hobgoblin (D:3)
  6 jackals
  A quokka (D:3)
  A frilled lizard (D:4)
  A leopard gecko skeleton (D:4)
45 creatures vanquished.

Vanquished Creatures (others)
  An ugly thing (D:14)
  A centaur skeleton (D:14)
  2 yaks (IceCv)
  A human (D:14)
  6 wolves (IceCv)
  A goblin skeleton (Ossuary)
  A demonic plant (Gauntlet)
  66 fungi
  126 plants
205 creatures vanquished.

Grand Total: 1036 creatures vanquished

Notes
Turn   | Place    | Note
-------+----------+-------------------------------------------
     0 | D:1      | Ignak the Ogre Hedge Wizard began the quest for the Orb.
     0 | D:1      | Reached XP level 1. HP: 16/16 MP: 5/5
   318 | D:1      | Reached skill level 1 in Conjurations
   406 | D:1      | Reached XP level 2. HP: 26/26 MP: 0/6
   727 | D:1      | Reached skill level 1 in Fighting
  1207 | D:2      | Noticed an ogre
  1260 | D:1      | Learned a level 2 spell: Blink
  1263 | D:1      | Learned a level 2 spell: Call Imp
  1342 | D:2      | Found a basalt altar of Yredelemnul.
  1399 | D:2      | Reached skill level 1 in Maces & Flails
  1540 | D:2      | Reached XP level 3. HP: 21/33 MP: 1/8
  1607 | D:2      | Learned a level 3 spell: Mephitic Cloud
  1898 | D:2      | Found a white marble altar of Elyvilon.
  2264 | D:2      | Killed an ogre
  2264 | D:2      | Reached skill level 1 in Summonings
  2264 | D:2      | Reached skill level 1 in Translocations
  2264 | D:2      | Reached XP level 4. HP: 23/42 MP: 0/9
  3739 | D:3      | Found an ancient bone altar of Kikubaaqudgha.
  3921 | D:3      | Reached skill level 1 in Unarmed Combat
  3921 | D:3      | Reached XP level 5. HP: 50/50 MP: 0/11
  4331 | D:3      | Found a faded altar of an unknown god.
  4855 | D:4      | Noticed a phantom
  5083 | D:4      | Got a crude spear
  5084 | D:4      | Identified the cursed +3 spear of Unux {elec, Fragile Int+3
                  | SInv Stlth+} (You found it on level 4 of the Dungeon)
  5144 | D:4      | Noticed an ogre
  5163 | D:4      | Killed an ogre
  5163 | D:4      | Reached XP level 6. HP: 24/61 MP: 2/12
  5361 | D:4      | Killed a phantom
  5483 | D:4      | Found Watanapt's Assorted Antiques.
  5499 | D:4      | Bought a bound bone ring for 130 gold pieces
  5511 | D:4      | Bought a scroll labeled UQELAREUNAOG for 26 gold pieces
  5511 | D:4      | Bought a scroll labeled JEM DINLINKY for 26 gold pieces
  5514 | D:4      | Identified the ring "Caukaseq" {Ice Int+3} (You bought it
                  | in a shop on level 4 of the Dungeon)
  5722 | D:5      | Entered Level 5 of the Dungeon
  6040 | D:5      | Reached XP level 7. HP: 70/70 MP: 9/13
  6046 | D:5      | Found a hazy altar of Hepliaklqana.
  6048 | D:5      | Found a sparkling altar of Nemelex Xobeh.
  6051 | D:5      | Found an ornate altar of the Wu Jian Council.
  6378 | D:5      | Reached skill level 5 in Fighting
  6610 | D:6      | Found a sand-covered staircase.
  6668 | Ossuary  | Entered an ossuary
  6745 | Ossuary  | Reached skill level 5 in Spellcasting
  6804 | Ossuary  | Reached XP level 8. HP: 81/81 MP: 11/15
  7270 | D:6      | Found a broken altar of Ashenzari.
  7692 | D:6      | Gained mutation: You are partially covered in rugged brown
                  | scales. (AC +1, +3% HP) [potion of mutation]
  7692 | D:6      | Gained mutation: You have large cloven feet. [potion of
                  | mutation]
  7692 | D:6      | Gained mutation: You possess an exceptional clarity of
                  | mind. [potion of mutation]
  7798 | D:6      | Noticed Pikel
  7818 | D:6      | Killed Pikel
  7818 | D:6      | Reached skill level 5 in Maces & Flails
  7818 | D:6      | Reached XP level 9. HP: 23/95 MP: 5/17
  8249 | D:6      | Found a hide-covered altar of Uskayaw.
  9436 | D:7      | Found a staircase to the Ecumenical Temple.
  9524 | Temple   | Entered the Ecumenical Temple
  9569 | Temple   | Became a worshipper of Warmaster Okawaru
 10744 | D:8      | Reached skill level 5 in Dodging
 10783 | D:8      | Reached XP level 10. HP: 52/110 MP: 14/20
 11023 | D:8      | Reached * piety under Okawaru
 11160 | D:4      | Bought a translucent whip for 195 gold pieces
 11160 | D:4      | Identified the +8 whip of Hoaxumot {freeze, Str-2 Dex+7}
                  | (You bought it in a shop on level 4 of the Dungeon)
 11840 | D:8      | Found a staircase to the Lair.
 12518 | D:9      | Noticed a cyan ugly thing
 12778 | D:9      | Noticed a two-headed ogre
 12789 | D:9      | Reached skill level 10 in Fighting
 12796 | D:9      | Killed a two-headed ogre
 12796 | D:9      | Reached ** piety under Okawaru
 12796 | D:9      | Reached skill level 1 in Armour
 12796 | D:9      | Reached skill level 5 in Conjurations
 12904 | D:9      | Noticed a cyclops
 12931 | D:9      | Killed a cyclops
 13137 | D:9      | Noticed a two-headed ogre
 13150 | D:9      | Killed a two-headed ogre
 13150 | D:9      | Reached *** piety under Okawaru
 13150 | D:9      | Reached skill level 1 in Evocations
 13181 | D:9      | Found an opulent altar of Gozag.
 13194 | D:9      | Noticed Erica
 13206 | D:9      | Killed Erica
 13206 | D:9      | Reached XP level 11. HP: 86/122 MP: 14/23
 13429 | D:9      | Killed a brown ugly thing
 13797 | D:10     | Entered Level 10 of the Dungeon
 14021 | D:10     | Found a shimmering blue altar of Sif Muna.
 14114 | D:10     | Noticed Urug
 14154 | D:10     | Killed Urug
 14154 | D:10     | Reached **** piety under Okawaru
 14506 | D:10     | Received a gift from Okawaru
 14883 | D:10     | Noticed a two-headed ogre
 14899 | D:10     | Killed a two-headed ogre
 15227 | D:10     | Found Xenoew's Weapon Shoppe.
 15391 | D:11     | Killed an unseen horror
 15404 | D:11     | Noticed a boulder beetle
 15455 | D:11     | Killed a boulder beetle
 15853 | D:11     | Identified a scroll of acquirement
 15853 | D:11     | Acquired 1018 gold pieces
 15968 | D:11     | Found a runed translucent gate.
 15976 | D:11     | Noticed a cyclops
 15994 | D:11     | Killed a cyclops
 16188 | D:11     | Learned a level 4 spell: Airstrike
 16191 | D:11     | Learned a level 2 spell: Swiftness
 16928 | D:11     | Reached skill level 1 in Air Magic
 17054 | D:11     | Found a staircase to the Orcish Mines.
 17530 | D:11     | Found a runed translucent gate.
 17530 | D:11     | Found a runed translucent gate.
 17531 | D:11     | Noticed qipq's ghost (journeyman NaVM)
 17593 | D:11     | Killed qipq's ghost
 17593 | D:11     | Reached ***** piety under Okawaru
 17593 | D:11     | Reached XP level 12. HP: 135/135 MP: 15/25
 17798 | D:12     | Found a frozen archway.
 17854 | IceCv    | Entered an ice cave
 19140 | IceCv    | Noticed a death yak
 19175 | IceCv    | Killed a death yak
 19175 | IceCv    | Reached skill level 10 in Spellcasting
 19559 | IceCv    | Acquired 871 gold pieces
 19740 | IceCv    | Noticed a white draconian
 19753 | IceCv    | Received a gift from Okawaru
 19754 | IceCv    | Got a jewelled tower shield {god gift}
 19802 | IceCv    | Killed a white draconian
 20095 | IceCv    | Identified the +7 tower shield "Jere Neth" {MR+ Int+4
                  | Stlth+} (Okawaru gifted it to you in an ice cave)
 20129 | IceCv    | Got an ancient spear
 20222 | D:12     | Identified the +3 spear of Death's Door {vamp, MR++} (You
                  | found it in an ice cave)
 20433 | D:12     | Noticed a boulder beetle
 20454 | D:12     | Killed a boulder beetle
 20454 | D:12     | Reached skill level 1 in Shields
 20809 | D:12     | Reached XP level 13. HP: 140/148 MP: 27/27
 21199 | D:12     | Found a transporter.
 21199 | D:12     | Noticed a sphinx
 21199 | D:12     | Noticed Umpaqoo's ghost (journeyman GrEE)
 21200 | D:12     | Found a transporter.
 21200 | D:12     | Noticed an ettin
 21361 | D:12     | Noticed a fire dragon
 21376 | D:12     | Killed a fire dragon
 21793 | Orc:1    | Entered Level 1 of the Orcish Mines
 22164 | Orc:2    | Entered Level 2 of the Orcish Mines
 22440 | Orc:2    | Noticed an ettin
 22499 | Orc:1    | Killed an ettin
 22499 | Orc:1    | Received a gift from Okawaru
 22774 | Orc:2    | Noticed a stone giant
 22782 | Orc:1    | Reached skill level 10 in Maces & Flails
 22821 | Orc:1    | Killed a stone giant
 22821 | Orc:1    | Received a gift from Okawaru
 23103 | Orc:2    | Found Farojuzxo's Book Shop.
 23139 | Orc:2    | Reached skill level 5 in Shields
 23216 | Orc:2    | Noticed an ettin
 23608 | Orc:1    | Killed an ettin
 23919 | Orc:2    | Found Askadeddei's Armour Emporium.
 23920 | Orc:2    | Found Xuussara's Antique Weapon Shop.
 24306 | Orc:2    | Noticed an ettin
 24323 | Orc:2    | Killed an ettin
 24908 | Orc:2    | Bought an ichor-stained hand axe for 296 gold pieces
 24908 | Orc:2    | Identified the cursed +3 hand axe "Tyuweal" {speed, +Blink
                  | rPois rN+ Int+3} (You bought it in a shop on level 2 of the
                  | Orcish Mines)
 24979 | Orc:2    | Found a staircase to the Elven Halls.
 25125 | Orc:2    | Found Toub's General Store.
 25133 | Orc:2    | Bought 2 scrolls of summoning for 247 gold pieces
 25133 | Orc:2    | Bought a wand of digging (5) for 234 gold pieces
 25190 | Orc:2    | Found Ahe Gane's Antique Armour Shop.
 25340 | Orc:2    | Bought a book of Transfigurations for 715 gold pieces
 25353 | Orc:2    | Learned a level 6 spell: Statue Form
 25390 | Orc:1    | Found a roughly hewn altar of Beogh.
 25704 | Lair:1   | Entered Level 1 of the Lair of Beasts
 25813 | Lair:1   | Reached skill level 1 in Transmutations
 26057 | Lair:1   | Reached skill level 1 in Earth Magic
 26480 | Lair:1   | Reached XP level 14. HP: 158/158 MP: 30/30
 26740 | Lair:2   | Noticed Maggie
 26755 | Lair:2   | Killed Maggie
 26962 | Lair:2   | Noticed Gastronok
 26976 | Lair:2   | Killed Gastronok
 27296 | Lair:2   | Got a pair of transparent boots
 27488 | Lair:2   | Reached ****** piety under Okawaru
 27799 | Lair:2   | Received a gift from Okawaru
 27802 | Lair:2   | Got a slimy tower shield {god gift}
 27813 | Lair:2   | Identified the +0 tower shield "Duakebb" {rF+} (Okawaru
                  | gifted it to you on level 2 of the Lair of Beasts)
 28533 | Lair:3   | Noticed Sonja
 28560 | Lair:3   | Found a gate leading to a gauntlet.
 28584 | Gauntlet | Entered a Gauntlet
 28584 | Gauntlet | Found a transporter.
 28584 | Gauntlet | Found a transporter.
 28587 | Gauntlet | Found a transporter.
 28590 | Gauntlet | Found a transporter.
 28590 | Gauntlet | Found a transporter.
 28592 | Gauntlet | Found a large runed translucent door.
 28593 | Gauntlet | Found a large runed translucent door.
 28594 | Gauntlet | Found a large runed translucent door.
 28594 | Gauntlet | Found a large runed translucent door.
 28594 | Gauntlet | Found a runed translucent door.
 28624 | Gauntlet | Found a large runed translucent door.
 28625 | Gauntlet | Found a large runed translucent door.
 28626 | Gauntlet | Found a large runed translucent door.
 28626 | Gauntlet | Found a large runed translucent door.
 28626 | Gauntlet | Found a runed translucent door.
 28627 | Gauntlet | Found a large runed translucent door.
 28628 | Gauntlet | Found a large runed translucent door.
 28629 | Gauntlet | Found a large runed translucent door.
 28629 | Gauntlet | Found a large runed translucent door.
 28630 | Gauntlet | Found a runed translucent gate.
 28630 | Gauntlet | Found a runed translucent gate.
 28630 | Gauntlet | Found a runed translucent gate.
 28632 | Gauntlet | Found a transporter.
 28641 | Gauntlet | Found a large runed translucent door.
 28641 | Gauntlet | Found a large runed translucent door.
 28642 | Gauntlet | Found a large runed translucent door.
 28643 | Gauntlet | Found a large runed translucent door.
 28653 | Gauntlet | Found a transporter.
 28659 | Gauntlet | Found a transporter.
 28667 | Gauntlet | Found a transporter.
 28686 | Gauntlet | Found a transporter.
 28694 | Gauntlet | Found a transporter.
 28711 | Gauntlet | Found a transporter.
 29291 | Gauntlet | Identified the cursed +1 falchion "Kejex" {speed, Int+4
                  | Dex+2}
 29311 | Gauntlet | HP: 5/160 [minotaur/silver javelin (7)]
 29954 | Lair:3   | Killed Sonja
 30008 | Lair:3   | Found a staircase to the Snake Pit.
 30196 | Lair:3   | Reached skill level 1 in Invocations
 30285 | Lair:3   | Noticed Prince Ribbit
 30293 | Lair:3   | Killed Prince Ribbit
 30654 | Lair:3   | Reached skill level 5 in Transmutations
 30967 | Lair:3   | Found a staircase to the Swamp.
 31496 | Lair:4   | Reached XP level 15. HP: 151/169 MP: 32/32
 31862 | Lair:4   | Received a gift from Okawaru
 32186 | Lair:4   | Noticed Josephine
 32203 | Lair:4   | Killed Josephine
 33767 | Lair:6   | Entered Level 6 of the Lair of Beasts
 34418 | Lair:6   | Got a fine quarterstaff
 34419 | Lair:6   | Identified the +8 quarterstaff of Destruction {flame, +Inv
                  | rF+} (You found it on level 6 of the Lair of Beasts)
 34769 | Orc:2    | Bought a book of Necromancy for 390 gold pieces
 34774 | Orc:2    | Learned a level 3 spell: Vampiric Draining
 34827 | Orc:2    | Bought a runed morningstar for 259 gold pieces
 35317 | Lair:6   | Reached skill level 15 in Fighting
 35352 | Lair:6   | Received a gift from Okawaru
 35373 | Lair:6   | Acquired 724 gold pieces
 35599 | Lair:6   | Found a staircase to the Slime Pits.
 35600 | Lair:6   | Found a viscous altar of Jiyva.
 36475 | D:12     | Got a transparent dagger
 36502 | D:12     | Reached skill level 1 in Necromancy
 37443 | D:13     | Reached XP level 16. HP: 175/181 MP: 34/34
 37594 | D:13     | Learned a level 4 spell: Summon Lightning Spire
 37771 | D:13     | Learned a level 1 spell: Beastly Appendage
 37775 | D:13     | Learned a level 2 spell: Wereblood
 37918 | D:13     | Received a gift from Okawaru
 37918 | D:13     | Reached skill level 15 in Spellcasting
 37918 | D:13     | Reached skill level 5 in Earth Magic
 38174 | D:13     | Found Akin's Jewellery Boutique.
 38182 | D:13     | Bought the ring of Benevolence {rF+ EV+4 Slay+3} for 1126
                  | gold pieces
 38182 | D:13     | Bought an uncursed amulet of regeneration for 540 gold
                  | pieces
 38182 | D:13     | Bought the ring "Rucrofuq" {MR+ Int+4 Dex+6} for 1431 gold
                  | pieces
 38196 | D:13     | Identified the +2 pair of boots the Burnt Cuttlefish {rPois
                  | Int-2 SInv} (You found it on level 2 of the Lair of Beasts)
 38198 | D:13     | Identified the +10 dagger "Mefik" {flame, rC+ Str+4 Int-5}
                  | (You found it on level 12 of the Dungeon)
 38329 | D:13     | You fall into a shaft and drop 2 floors!
 38329 | D:15     | Entered Level 15 of the Dungeon
 38353 | D:15     | Reached skill level 10 in Shields
 38383 | D:15     | Reached skill level 5 in Invocations
 38632 | D:14     | Noticed Kirke
 38651 | D:14     | Killed Kirke
 38775 | D:14     | Received a gift from Okawaru
 38806 | D:14     | Noticed Agnes
 38828 | D:14     | Killed Agnes
 38896 | D:14     | Found an opulent altar of Gozag.
 38954 | D:14     | Found a gate to the Vaults.
 39266 | D:14     | Found an ornate altar of the Wu Jian Council.
 39920 | D:15     | Found an opulent altar of Gozag.
 40278 | D:15     | Found a staircase to the Depths.
 40632 | Swamp:1  | Entered Level 1 of the Swamp
 40923 | D:12     | Killed a sphinx
 40956 | D:12     | Killed Umpaqoo's ghost
 41335 | Swamp:1  | You fall into a shaft and drop 1 floor!
 41474 | Swamp:1  | Noticed a thorn hunter
 41477 | Swamp:1  | Killed from afar by a thorn hunter

Illustrated notes

Levels and vault maps discovered:
D:1:      wheals_arrival_shading, layout_basic, hex_large,
          hangedman_decor_diamond_cutter
D:2:      layout_loops_ring, nicolae_overflow_crystal_walls, elyvilon_altar_3
D:3:      layout_basic, lemuel_doored_altar, chequers_ecumenical_altar_simple
D:4:      layout_gridville, serial_shops, nicolae_shop_statue_plus
D:5:      layout_basic, minitemple
D:6:      layout_loops_ring, kennysheep_mini_moat, nicolae_ossuary_entry_ruins,
          cheibrodos_ashenzari_chains, uniq_pikel
D:7:      layout_rooms, minmay_temple_entry_large_hall, minmay_puff
D:8:      layout_loops_ring, dpeg_oklobed_lair, minmay_manual_mail
D:9:      layout_irregular_city, overflow_temple_1_default, uniq_erica
D:10:     kennysheep_orc_sif_temple, layout_basic, serial_shops, shop, uniq_urug
D:11:     layout_basic, erik_orc_3, gammafunk_ghost_necromancy,
          hangedman_decor_clover_reticule
D:12:     layout_loops_ring, portal_ice_cave_entry_imps, gammafunk_ghost_arena,
          minivault_20
D:13:     four-leaf_vault, layout_stronghold, serial_shops, shop_statue
D:14:     layout_loops_ring, david_vaults_4, serial_bayou, serial_bayou_pond_e,
          serial_bayou_pond_d, serial_bayou_crossing, serial_bayou_pond_c,
          hangedman_feature_mirror, grunt_decor_clamped, uniq_agnes, uniq_kirke
D:15:     grunt_enter_depths_snipers, layout_small_grid,
          nicolae_gozag_cash_rules_everything_around_me, serial_bayou_pond_c,
          hangedman_decor_opposing, serial_bayou_lagoon_a
Temple:   jpeg_temple_clearing
Lair:1:   layout_chaotic_city, lemuel_fruit_fields, infiniplex_staircase_pool_2
Lair:2:   layout_long_grid, minmay_shattered_shrine, serial_bayou_shore_a,
          uniq_maggie, uniq_gastronok
Lair:3:   layout_loops_ring, palyth_hydra_swamp_entry,
          minmay_snake_entry_six_corridors, gauntlet_entry_generic, uniq_sonja,
          uniq_prince_ribbit2
Lair:4:   cheibrodos_lair_overgrown_chateau, layout_long_grid,
          grunt_megastairs_3, lemuel_fruit_fields, uniq_josephine
Lair:5:   layout_hall_layers, beast_lair_carwin_6, lemuel_fruit_fields
Lair:6:   minmay_lair_end_enchanted_forest, layout_cave_pods, slime_altar_1
Swamp:1:  layout_basic_swamp, evilmike_swamp_ruin_rubble_2, swamp_pool4,
          infiniplex_staircase_pool
Swamp:2:  layout_falls_marsh, evilmike_swamp_ruin_rubble_1, swamp_pool4,
          ldierk_geyser
Orc:1:    layout_diamond_mine, basic_altar
Orc:2:    grunt_orc_gardens, layout_caves, grunt_orc_garden, grunt_orc_garden,
          grunt_orc_garden, grunt_orc_garden, serial_shops, shop, special_room,
          mines_bat_river

Skill      XL: |  1  2  3  4  5  6  7  8  9 10 11 12 13 14 15 16 |
---------------+-------------------------------------------------+-----
Conjurations   | 1 2 3 4 5 6 |  6.6
Fighting       | 1 2 3 4 5 7 9 10 11 13 14 15 | 15.5
Maces & Flails | 1 2 3 5 6 7 8 9 10 11 | 11.5
Dodging        | 2 3 4 5 6 7 |  7.0
Summonings     | 1 3 |  3.3
Translocations | 1 |  1.2
Unarmed Combat | 1 |  1.0
Spellcasting   | 4 5 6 8 9 10 12 13 14 15 | 15.3
Armour         | 1 3 4 |  4.0
Evocations     | 1 3 4 |  4.0
Air Magic      | 1 4 |  4.0
Shields        | 1 6 8 9 10 | 10.7
Transmutations | 2 5 7 8 |  8.6
Earth Magic    | 1 3 4 5 |  5.8
Invocations    | 2 4 5 |  5.9
Necromancy     | 1 3 |  3.4
Stealth        | |  1.4

Action                   |  1- 3 |  4- 6 |  7- 9 | 10-12 | 13-15 | 16-18 || total
-------------------------+-------+-------+-------+-------+-------+-------++-------
Melee: Club              |    77 |       |       |       |       |       ||    77
       Dagger            |     7 |       |       |       |       |       ||     7
       Giant club        |       |    96 |       |       |       |       ||    96
       Spear             |       |    52 |   275 |     7 |       |       ||   334
       Punch             |       |     1 |     1 |    12 |       |       ||    14
       Kick              |       |       |    32 |   269 |   767 |   333 ||  1401
       Whip              |       |       |       |   756 |  1967 |   600 ||  3323
       Staff             |       |       |       |     3 |       |       ||     3
       Headbutt          |       |       |       |       |       |   103 ||   103
Throw: Boomerang         |     1 |       |     5 |       |       |       ||     6
       Dart              |       |       |       |     3 |     2 |       ||     5
 Cast: Magic Dart        |    40 |     1 |       |       |     2 |       ||    43
       Call Imp          |     7 |    30 |    62 |    43 |    21 |       ||   163
       Mephitic Cloud    |     1 |     3 |    12 |    28 |     7 |     4 ||    55
       Blink             |       |       |       |     2 |     1 |     7 ||    10
       Vampiric Draining |       |       |       |       |     1 |       ||     1
       Swiftness         |       |       |       |       |     1 |       ||     1
       Beastly Appendage |       |       |       |       |       |    16 ||    16
       Wereblood         |       |       |       |       |       |    11 ||    11
Invok: Heroism           |       |       |       |    15 |    25 |     7 ||    47
       Finesse           |       |       |       |       |     2 |     1 ||     3
 Abil: Evoke Invisibilit |       |       |       |     7 |     2 |       ||     9
Evoke: Wand              |       |       |     5 |     8 |    11 |     1 ||    25
  Use: Potion            |       |     2 |    11 |     6 |     6 |     1 ||    26
       Scroll            |       |     3 |    15 |    15 |    17 |    12 ||    62
 Stab: Sleeping          |       |     5 |    11 |     4 |    12 |     6 ||    38
       Confused          |       |     1 |     3 |     8 |     4 |     5 ||    21
       Distracted        |       |       |     1 |     3 |     1 |       ||     5
       Paralysed         |       |       |       |    34 |    33 |       ||    67
       Invisible         |       |       |       |    16 |     4 |       ||    20
Armor: Robe              |    42 |    43 |    93 |    13 |   228 |     8 ||   427
       Skin              |       |     5 |       |    13 |     4 |       ||    22
       Steam dragon scal |       |       |       |   197 |    36 |       ||   233
       Troll leather arm |       |       |       |       |       |    29 ||    29
Dodge: Dodged            |    87 |    86 |   135 |   394 |   313 |   112 ||  1127
Block: Tower shield      |       |       |       |    12 |  1863 |   458 ||  2333
       Reflection        |       |       |       |       |    23 |     2 ||    25

Table legend: (Time is in decaauts)
 A = Elapsed time spent in this place.
 B = Non-inter-level travel time spent in this place.
 C = Inter-level travel time spent in this place.
 D = Time resting spent in this place.
 E = Time spent auto-exploring this place.
 F = Levels seen in this place.
 G = Mean time per level.
                   A        B        C        D        E       F      G
               +--------+--------+--------+--------+--------+-----+--------+
         Total |  40540 |  38279 |   2261 |  12940 |  13704 |  29 | 1397.9 |
       Dungeon |  23423 |  22004 |   1419 |   7900 |   8661 |  15 | 1561.5 |
        Temple |     87 |     45 |     42 |      0 |     27 |   1 |   87.0 |
          Lair |   8754 |   8077 |    677 |   1245 |   3768 |   6 | 1459.0 |
         Swamp |    258 |    255 |      3 |      0 |     75 |   2 |  129.0 |
  Orcish Mines |   3824 |   3706 |    118 |   1630 |    805 |   2 | 1912.0 |
       Ossuary |    582 |    582 |      0 |     50 |    196 |   1 |  582.0 |
      Ice Cave |   2293 |   2293 |      0 |   1562 |    169 |   1 | 2293.0 |
      Gauntlet |   1314 |   1314 |      0 |    553 |      0 |   1 | 1314.0 |
               +--------+--------+--------+--------+--------+-----+--------+

Top non-repeatable levels by time:
     D:3: 2513 daAuts
    D:12: 2339 daAuts
    D:10: 2318 daAuts
   IceCv: 2293 daAuts
     D:8: 2080 daAuts
   Orc:2: 1922 daAuts
   Orc:1: 1902 daAuts
    D:11: 1835 daAuts
  Lair:3: 1727 daAuts
     D:9: 1685 daAuts
  Lair:2: 1644 daAuts
     D:7: 1642 daAuts
     D:6: 1576 daAuts
  Lair:4: 1493 daAuts
  Lair:6: 1464 daAuts
